 Dungeon Crawl Stone Soup version 0.27.0-1-g7a089689b8 (webtiles) character file.

Game seed: 222706505837825197

2 SnakkuSnakku7 the Skirmisher (level 1, 0/24 HPs)
             Began as an Ogre Delver on Aug 7, 2021.
             Succumbed to an adder's poison
             ... on level 2 of the Dungeon.
             The game lasted 00:01:05 (254 turns).

SnakkuSnakku7 the Skirmisher (Ogre Delver)           Turns: 254, Time: 00:01:05

Health: 0/24       AC:  3    Str: 15    XL:     1   Next: 40%
Magic:  1/1        EV:  9    Int: 11    God:
Gold:   0          SH:  0    Dex: 10    Spells: 0/0 levels left

rFire    . . .     SeeInvis .   a - +0 mace
rCold    . . .     Faith    .   (no shield)
rNeg     . . .     Spirit   .   b - +0 robe
rPois    .         Reflect  .   (helmet restricted)
rElec    .         Harm     .   (no cloak)
rCorr    .         Rampage  .   (gloves unavailable)
Will     .....                  (boots unavailable)
Stlth    ++........             (no amulet)
HPRegen  0.08/turn              (no ring)
MPRegen  0.07/turn              (no ring)

@: lethally poisoned (0 -> -1), hasted, very quick
A: large, unfitting armour, tough skin 1
a: no special abilities


You were on level 2 of the Dungeon.
You visited 1 branch of the dungeon, and saw 4 of its levels.

Inventory:

Hand Weapons
 a - a +0 mace (weapon)
Armour
 b - a +0 robe (worn)
Wands
 g - a wand of digging (3)
Scrolls
 c - a scroll of fog
 d - a scroll of magic mapping
 e - a scroll of fear
 h - a scroll of torment {unknown}


   Skills:
 - Level 4.0 Fighting
 + Level 2.0 Maces & Flails
 - Level 1.7 Dodging
 - Level 3.7 Stealth


You couldn't memorise any spells.
You didn't know any spells.
Your spell library was empty.

Dungeon Overview and Level Annotations

Branches:
Dungeon (5/15)
 Temple: D:4-7

Altars:


Innate Abilities, Weirdness & Mutations

You are too large for most types of armour.
You have tough skin. (AC +1)


Message History

You thump the worm!
The worm is severely wounded.
The adder bites you. The worm bites you.
The adder bites you but does no damage. The adder barely misses you.
You feel yourself speed up. The adder bites you.
Unknown command.
You barely miss the adder. The adder bites you.
You miss the adder. The adder barely misses you.
You closely miss the adder. The adder bites you.
You barely miss the adder. The adder bites you but does no damage.
You closely miss the adder. The adder closely misses you.
You barely miss the adder. The adder bites you.
You are poisoned.
The adder poisons you!
You hit the adder.
The adder is lightly wounded.
You feel sick. The adder bites you but does no damage.
You barely miss the adder.
The adder is lightly wounded.
You feel sick. The adder barely misses you.
You hit the adder.
The adder is moderately wounded.
The adder bites you but does no damage.
You barely miss the adder.
The adder is moderately wounded.
You feel sick. The adder bites you but does no damage.
You miss the adder.
The adder is moderately wounded.
You feel sick. The adder bites you.
* * * LOW HITPOINT WARNING * * *
You hit the adder.
The adder is heavily wounded.
* * * LOW HITPOINT WARNING * * *
You feel sick. The adder bites you but does no damage.
The adder barely misses you.
Unknown command.
You aren't carrying any potions.
Unknown command.
You die...

### . .<. .. ###.#
# .. ^..#.# ..
..#.# ##. #...#
#.#...#.###########
#..._...wJS.@.....#
..#...#.#########.#
##.##.# #.# ... ..#
#.# ### .#.# #.#
#.#.# #.# . #.# #.#
# .# #.# #.# .# #.#
..


You could see a worm, an adder and an endoplasm.

Vanquished Creatures
  A dart slug (D:5)
1 creature vanquished.

Notes
Turn   | Place    | Note
-------+----------+-------------------------------------------
     0 | D:5      | SnakkuSnakku7 the Ogre Delver began the quest for the Orb.
     0 | D:5      | Reached XP level 1. HP: 24/24 MP: 1/1
    14 | D:5      | Noticed a water moccasin
    41 | D:5      | Noticed an iguana
    73 | D:5      | Noticed a black bear
    98 | D:5      | Noticed a scorpion
   113 | D:5      | Noticed an orc priest
   114 | D:5      | Noticed an iguana
   139 | D:4      | Noticed an ogre
   162 | D:4      | Noticed an ogre
   226 | D:2      | Found a faded altar of an unknown god.
   253 | D:2      | HP: 1/24 [poisoned by an adder]
   254 | D:2      | Succumbed to an adder's poison

Illustrated notes

Levels and vault maps discovered:
D:2:      layout_basic, ebering_ecumenical_altar_box
D:3:      layout_loops_ring, mainiacjoe_overflow_big_doors,
          gammafunk_ghost_stat_death, glass_columns_a, guppyfry_early_lair_pool
D:4:      layout_cave_pools, nicolae_ru_the_path_less_chosen
D:5:      layout_rooms

Skill      XL: |  1 |
---------------+----+-----
Maces & Flails | 2 |  2.0
Fighting       | |  4.0
Dodging        | |  1.7
Stealth        | |  3.7

Action                   || total
-------------------------++-------
Melee: Mace              ||    19
  Use: Potion            ||     2
 Stab: Sleeping          ||     1
Armor: Robe              ||     9
Dodge: Dodged            ||    11
